AoeStats
← Red Calypso

Socotra

504888718Analyzed
4v4 RM · 26d ago on Sep 6, 2026· 46m 31s· 8 players
Game mode
Random Map
Map size
148×148
Population
200
Speed
Normal
Resources
Standard
Victory
Conquest
Starting age
Dark Age
Ending age
Imperial Age
RankedLock teamsTeams togetherTeam positionsShared explorationLock speedFull tech treeHidden civsTurbo modeCheats
Victory
Defeat
🇩🇪 Britons · Germany
1490
+13
🇩🇪 Franks · Germany
1405
+16
🇩🇪 Persians · Germany
1365
+18
🇦🇹 Koreans · Austria
1342
+19
🇲🇽 Saracens · Mexico
1426
-17
🇦🇷 Magyars · Argentina
1419
-17
🇺🇸 Persians · United States
1415
-17
🇨🇴 Koreans · Colombia
1375
-15
Red Calypso
6:23 Loom
11:24 Feudal Age
17:52 Fletching
18:04 Double-Bit Axe
24:16 Castle Age
22:36 Gold Mining
22:34 Horse Collar
25:24 Bodkin Arrow
26:09 Crossbowman
28:04 Thumb Ring
32:01 Wheelbarrow
33:25 Ballistics
42:21 Imperial Age
40:59 Eupseong
43:03 Bracer
44:05 Chemistry
43:39 Arrowslits
44:30 Capped Ram
vR-MrReD
6:31 Loom
9:45 Feudal Age
10:30 Double-Bit Axe
12:43 Fletching
19:50 Padded Archer Armor
21:13 Gold Mining
25:57 Wheelbarrow
28:44 Castle Age
29:02 Crossbowman
29:39 Bodkin Arrow
29:15 Pikeman
30:51 Leather Archer Armor
33:34 Ballistics
34:36 Bow Saw
35:07 Scale Mail Armor
36:05 Squires
36:45 Stone Mining
38:27 Gold Shaft Mining
Aremenius
5:36 Loom
23:13 Feudal Age
LukasPlanet
6:07 Loom
8:51 Feudal Age
10:09 Double-Bit Axe
15:56 Scale Barding Armor
20:03 Wheelbarrow
20:08 Forging
24:12 Castle Age
23:19 Gold Mining
25:09 Bow Saw
25:36 Gold Shaft Mining
25:26 Chain Barding Armor
25:13 Husbandry
26:46 Hand Cart
27:44 Iron Casting
47:55 Imperial Age
jimmy
6:54 Loom
9:22 Feudal Age
9:54 Horse Collar
17:37 Forging
17:38 Double-Bit Axe
19:30 Gold Mining
23:28 Castle Age
21:55 Bloodlines
23:19 Light Cavalry
24:08 Scale Barding Armor
26:18 Iron Casting
26:05 Chain Barding Armor
33:44 Husbandry
35:06 Town Watch
35:58 Wheelbarrow
36:28 Stone Mining
38:21 Gold Shaft Mining
edengr7
7:32 Loom
32:19 Feudal Age
33:11 Double-Bit Axe
33:09 Horse Collar
33:21 Gold Mining
36:57 Castle Age
35:19 Stone Mining
38:27 Wheelbarrow
38:05 Heavy Plow
41:41 Hand Cart
42:57 Bow Saw
johnmaestre1
6:35 Loom
10:10 Feudal Age
16:42 Fletching
27:49 Castle Age
25:58 Horse Collar
26:11 Double-Bit Axe
27:21 Stone Mining
27:23 Gold Mining
27:54 Crossbowman
29:10 Wheelbarrow
ValkriaN
7:00 Loom
9:29 Feudal Age
10:30 Double-Bit Axe
23:04 Scale Barding Armor
27:40 Castle Age
25:52 Gold Mining
26:02 Horse Collar
28:09 Bloodlines
28:35 Husbandry
29:16 Chain Barding Armor
35:41 Gold Shaft Mining
35:19 Heavy Plow
36:46 Wheelbarrow
Connection lost

Rejoining the realm…

Still unreachable

The connection could not be restored.

Session expired

The server has moved on; the page needs a fresh start.